 Dungeon Crawl Stone Soup version 0.32-a0-933-ga8fa3634e4 (webtiles) character file.

Game seed: 10470503715289529345

10565 wally255 the Covert (level 11, -5/56 HPs)
             Began as a Felid Summoner on Apr 14, 2024.
             Was a Believer of Kikubaaqudgha.
             Slain by a wyvern (16 damage)
             ... on level 1 of the Lair of Beasts.
             The game lasted 01:09:18 (17924 turns).

wally255 the Covert (Felid Summoner)               Turns: 17924, Time: 01:09:19

Health: -5/56      AC:  2    Str:  4    XL:     11   Next: 37%
Magic:  24/24      EV: 22    Int: 22    God:    Kikubaaqudgha [**....]
Gold:   581        SH:  0    Dex: 18    Spells: 13/26 levels left
                                        Lives:  0   Deaths: 3

rFire   + . .        (weapon unavailable)
rCold   . . .        (shield unavailable)
rNeg    . . .        (body armour unavailable)
rPois   .            (helmet unavailable)
rElec   .            (cloak unavailable)
rCorr   .            (gloves unavailable)
SInv    +            (boots unavailable)
Will    +....        q - amulet of magic regeneration
Stlth   ++++         j - ring of protection from fire
HPRegen 0.29/turn    m - ring of wizardry
MPRegen 0.59/turn

%: wizardry (x1)
@: slowed, very slow
A: very small, claws 1, fangs 3, see invisible, shaggy fur 2, stealthy paws, no
weapons or thrown items, no armour, multi-lived
a: Renounce Religion, Unearth Wretches


You were on level 1 of the Lair of Beasts.
You worshipped Kikubaaqudgha.
Kikubaaqudgha was pleased with you.
You visited 3 branches of the dungeon, and saw 12 of its levels.

You collected 581 gold pieces.

Inventory:

Hand Weapons
 w - a +0 dagger of draining
Jewellery
 j - a ring of protection from fire (left paw)
 m - a ring of wizardry (right paw)
 q - an amulet of magic regeneration (around neck)
 y - a ring of poison resistance
Wands
 g - a wand of polymorph (7)
 o - a wand of quicksilver (1) (quivered)
 u - a wand of paralysis (5)
 x - a wand of flame (58)
Scrolls
 a - a scroll of torment
 d - 2 scrolls of poison
 f - 2 scrolls of immolation
 k - 2 scrolls of revelation
 l - 3 scrolls of teleportation
 r - 2 scrolls of fog
 t - a scroll of silence
 v - a scroll of enchant armour {unknown}
 C - a scroll of brand weapon {unknown}
Potions
 b - 2 potions of invisibility
 c - a potion of brilliance {unknown}
 e - 3 potions of lignification
 h - 5 potions of curing {unknown}
 i - a potion of ambrosia
 n - a potion of resistance {unknown}
 p - a potion of attraction {unknown}
 s - a potion of haste {unknown}
 z - a potion of berserk rage {unknown}
 A - a potion of mutation {unknown}
 B - 2 potions of enlightenment {unknown}


   Skills:
 + Level 6.1 Fighting
 + Level 8.8 Dodging
 + Level 9.5 Stealth
 + Level 8.1 Spellcasting
 + Level 9.4 Summonings
 - Level 5.0 Fire Magic
 - Level 5.0 Air Magic


You had 13 spell levels left.
You knew the following spells:

 Your Spells              Type           Power      Damage    Failure   Level
a - Call Canine Familiar  Summ           50%        N/A       1%          3
b - Call Imp              Summ           100%       N/A       1%          2
c - Summon Blazeheart Go  Fire/Summ      40%        N/A       1%          4
d - Summon Lightning Spi  Summ/Air       40%        N/A       1%          4

Your spell library contained the following spells:

 Spells                   Type           Power      Damage    Failure   Level
 Summon Small Mammal      Summ           100%       N/A       1%          1
 Apportation              Tloc           16%        N/A       3%          1
 Freeze                   Ice            32%        1d5       3%          1
 Kiss of Death            Conj/Necr      32%        2d7       3%          1
 Magic Dart               Conj           32%        1d4       3%          1
 Necrotise                Necr           32%        1d5       3%          1
 Blink                    Tloc           16%        N/A       4%          2
 Jinxbite                 Hex            16%        N/A       4%          2
 Sublimation of Blood     Necr           8%         N/A       4%          2
 Frozen Ramparts          Ice            16%        1d3       9%          3
 Fugue of the Fallen      Necr           8%         N/A       9%          3
 Hailstorm                Conj/Ice       8%         3d5       9%          3
 Stone Arrow              Conj/Erth      16%        3d8       9%          3
 Alistair's Intoxication  Alch           5%         N/A       58%         5
 Lehudib's Crystal Spear  Conj/Erth      4%         10d3      100%        8
 Animate Armour           Summ/Erth      Unusable   N/A       N/A         4

Dungeon Overview and Level Annotations

Branches:
Dungeon (10/15)            Temple (1/1) D:5            Lair (1/5) D:10
    Orc: D:9-12

Altars:
Ashenzari
Cheibriados
Dithmenos
Elyvilon
Fedhas
Gozag
Hepliaklqana
Kikubaaqudgha
Makhleb
Nemelex Xobeh
Okawaru
Qazlal
Ru
Sif Muna
Trog
Uskayaw
Vehumet
Wu Jian
Xom
Yredelemnul
Zin
The Shining One


Innate Abilities, Weirdness & Mutations

You have sharp claws.
You have razor-sharp teeth.
You have supernaturally acute eyesight. (SInv)
You are covered in thick fur. (AC +2)
Your paws help you pounce on unaware monsters.
You are incapable of wielding weapons or throwing items.
You cannot wear armour.
You gain extra lives every three experience levels.


Message History

Kikubaaqudgha accepts your kill.
Your inugami completely misses the death yak.
You fade into invisibility!
The death yak gores you!
You die...
The death yak gores your lightning spire.
The death yak barely misses your inugami.
Your lightning spire shoots out a bolt of lightning at the death yak!
The bolt of electricity hits the death yak.
Your inugami completely misses the death yak.
You rejoin the land of the living...
Found a scroll of teleportation.
l - 3 scrolls of teleportation (gained 1)
Your familiar recovers from its injuries.
A torpor snail comes into view.
Being near the torpor snail leaves you feeling lethargic.
Found a scroll of torment.
The torpor snail bites you! The torpor snail completely misses you.
A water moccasin comes into view.
The torpor snail attacks as it pursues you!
The torpor snail closely misses you.
A wyvern comes into view.
The wyvern hisses angrily.
A water moccasin comes into view.
The wyvern bites you.
The water moccasin hisses angrily.
The wyvern misses you. The wyvern closely misses you.
You barely miss the torpor snail.
The water moccasin hisses angrily.
The bullfrog croaks.
You bite the torpor snail, but do no damage.
The wyvern completely misses you.
A komodo dragon comes into view.
The torpor snail misses you. The wyvern bites you!!
The wyvern attacks as it pursues you! The wyvern bites you!
* * * LOW HITPOINT WARNING * * *
The water moccasin completely misses you.
The wyvern bites you!
You die...
Kikubaaqudgha rasps: You have failed me!
Welcome... death!

#
.####.##################
.......@kw..............
........S..?.......#####
###.##..F.........## # #
###S..###.#..# #.
#..~..####..# ##
#..~~~.l# #...# #
#..~~~~~..##..## #
..~~~~~~~..#..# #


You could see a torpor snail, a komodo dragon (wandering), 2 water moccasins, a
wyvern and a bullfrog.

Vanquished Creatures
  A death yak (Lair:1)
  Maurice (D:10)
  Joseph (D:7)
  A kobold demonologist (D:10)
  2 komodo dragons
  8 yaks
  A basilisk (Lair:1)
  A water moccasin (Lair:1)
  An ice beast (D:6)
  A centaur (D:7)
  A kobold brigand (D:9)
  2 bullfrogs (D:10)
  2 killer bees (D:9)
  A crimson imp (D:10)
  An iron imp (D:10)
  An orc priest (D:9)
  A sleepcap (D:5)
  An orc wizard (D:10)
  3 orcs
  3 bats
  An endoplasm (D:3)
  2 giant cockroaches
  A goblin (D:3)
  A kobold (D:1)
  A rat (D:1)
40 creatures vanquished.

Vanquished Creatures (collateral kills)
  Pikel (D:4)
  2 deep elf pyromancers (D:10)
  A kobold demonologist (D:10)
  2 trolls
  A shadow (D:9)
  A wraith (D:10)
  2 wyverns
  2 yaks
  A water moccasin (D:10)
  A swamp drake (D:10)
  4 ice beasts
  An orc warrior (D:7)
  4 black bears
  An ogre (D:7)
  4 centaurs
  A phantom (D:4)
  3 kobold brigands
  A gnoll sergeant (D:8)
  7 bullfrogs
  7 scorpions
  3 killer bees (D:9)
  3 howler monkeys
  4 jellies
  2 bombardier beetles
  4 hounds
  Crazy Yiuf (D:3)
  2 orc priests
  A gnoll bouda (D:10)
  A sleepcap (D:5)
  2 orc wizards
  13 gnolls
  5 adders
  2 shadow imps
  3 white imps
  A ribbon worm (D:4)
  2 dart slugs
  32 orcs
  6 bats
  6 endoplasms
  A giant cockroach (D:4)
  11 goblins
  9 hobgoblins
  5 quokkas
  9 ball pythons
  7 frilled lizards
  13 kobolds
  A rat (D:1)
196 creatures vanquished.

Vanquished Creatures (others)
  A bombardier beetle (D:5)
  An orc wizard (D:10)
  A ball python (D:3)
  22 blazeheart cores
25 creatures vanquished.

Grand Total: 261 creatures vanquished

Notes
Turn   | Place    | Note
-------+----------+-------------------------------------------
     0 | D:1      | wally255 the Felid Summoner began the quest for the Orb.
     0 | D:1      | Reached XP level 1. HP: 9/9 MP: 4/4
   816 | D:1      | Reached XP level 2. HP: 13/13 MP: 6/6
  1022 | D:1      | Learned a level 2 spell: Call Imp
  2467 | D:2      | Reached XP level 3. HP: 16/16 MP: 1/7
  2471 | D:2      | Learned a level 3 spell: Call Canine Familiar
  3965 | D:3      | Found a glowing golden altar of the Shining One.
  3965 | D:3      | Found a hide-covered altar of Uskayaw.
  4302 | D:3      | Reached XP level 4. HP: 21/21 MP: 1/9
  4302 | D:3      | Gained a life (2 lives remaining)
  4329 | D:3      | HP: 1/21 [poisoned by a hobgoblin]
  4381 | D:3      | Found a hazy altar of Hepliaklqana.
  4382 | D:3      | Found a shimmering altar of Xom.
  4464 | D:3      | Found a runed translucent door.
  4465 | D:3      | Noticed Crazy Yiuf
  4479 | D:3      | Killed Crazy Yiuf
  4480 | D:3      | Reached skill level 5 in Summonings
  5175 | D:3      | Reached XP level 5. HP: 24/24 MP: 4/11
  5490 | D:3      | Learned a level 4 spell: Summon Blazeheart Golem
  5648 | D:4      | Reached skill level 1 in Fire Magic
  5743 | D:4      | Found a radiant altar of Vehumet.
  5992 | D:4      | Gained mutation: You are covered in thick fur. (AC +2)
                  | [Felid growth]
  5992 | D:4      | Reached XP level 6. HP: 28/28 MP: 9/13
  6058 | D:4      | Noticed Pikel
  6074 | D:4      | Killed Pikel
  6075 | D:4      | Reached skill level 5 in Spellcasting
  6075 | D:4      | Reached XP level 7. HP: 13/32 MP: 10/15
  6185 | D:4      | Found a sparkling altar of Nemelex Xobeh.
  6787 | D:5      | Entered Level 5 of the Dungeon
  6890 | D:5      | Reached XP level 8. HP: 8/36 MP: 5/16
  7020 | D:5      | Found a staircase to the Ecumenical Temple.
  7031 | Temple   | Entered the Ecumenical Temple
  7073 | Temple   | Became a worshipper of Kikubaaqudgha
  7178 | D:5      | Found a snail-covered altar of Cheibriados.
  7456 | D:5      | Identified the +0 robe of Space {^Drain Int+3 Stlth+}
  7581 | D:5      | Reached skill level 5 in Fire Magic
  7862 | D:5      | Found a blossoming altar of Fedhas.
  8125 | D:5      | Identified the +4 pair of gloves of Feuts {rPois rC+}
  8217 | D:6      | Learned a level 4 spell: Summon Lightning Spire
  8533 | D:6      | Found a glowing silver altar of Zin.
  8611 | D:6      | Reached skill level 1 in Fighting
  8825 | D:6      | Reached skill level 1 in Air Magic
  9601 | D:7      | Noticed Joseph
  9611 | D:7      | Shot with a sling bullet by Joseph
  9611 | D:7      | Lost a life (1 life remaining)
 10181 | D:7      | Noticed a komodo dragon
 10187 | D:7      | Killed a komodo dragon
 10188 | D:7      | Reached XP level 9. HP: 43/43 MP: 8/19
 10188 | D:7      | Gained a life (2 lives remaining)
 10251 | D:7      | Reached skill level 5 in Stealth
 10395 | D:7      | Noticed a troll
 10407 | D:7      | HP: 1/43 [troll (12)]
 10410 | D:7      | Killed a troll
 10411 | D:7      | Reached skill level 5 in Dodging
 10457 | D:7      | Reached * piety under Kikubaaqudgha
 10457 | D:7      | Received a gift from Kikubaaqudgha
 10673 | D:7      | Killed Joseph
 11657 | D:7      | Found a bloodstained altar of Trog.
 14127 | D:9      | Reached XP level 10. HP: 49/49 MP: 12/21
 14660 | D:9      | Found a stormy altar of Qazlal.
 15753 | D:10     | Entered Level 10 of the Dungeon
 15813 | D:10     | Noticed Maurice
 15822 | D:10     | Found a staircase to the Lair.
 16197 | D:10     | Noticed a rust devil
 16198 | D:10     | Reached skill level 5 in Fighting
 16212 | D:10     | Noticed a sixfirhy
 16399 | D:10     | Killed Maurice
 16619 | D:10     | Reached XP level 11. HP: 44/56 MP: 9/23
 16825 | D:10     | Found a broken altar of Ashenzari.
 16996 | D:10     | Found a basalt altar of Yredelemnul.
 17162 | D:10     | Reached ** piety under Kikubaaqudgha
 17306 | D:10     | Noticed a deep elf pyromancer
 17310 | D:10     | Killed a deep elf pyromancer
 17311 | D:10     | Reached skill level 5 in Air Magic
 17320 | D:10     | Noticed a deep elf pyromancer
 17333 | D:10     | Killed a deep elf pyromancer
 17567 | Lair:1   | Entered Level 1 of the Lair of Beasts
 17712 | Lair:1   | Mangled by a cane toad
 17712 | Lair:1   | Lost a life (1 life remaining)
 17725 | Lair:1   | Identified a scroll of acquirement
 17726 | Lair:1   | Acquired an amulet of magic regeneration
 17867 | Lair:1   | Noticed a death yak
 17868 | Lair:1   | Noticed a death yak
 17871 | Lair:1   | Noticed a death yak
 17873 | Lair:1   | Noticed a death yak
 17873 | Lair:1   | Noticed a death yak
 17874 | Lair:1   | Noticed a death yak
 17880 | Lair:1   | Killed a death yak
 17884 | Lair:1   | Slain by a death yak
 17884 | Lair:1   | Lost a life (0 lives remaining)
 17924 | Lair:1   | Slain by a wyvern

Illustrated notes

Levels and vault maps discovered:
D:1:      heliophobic_arrival_enchanted_forest, layout_basic,
          chequers_serial_rivers_micro_a, grunt_decor_junction,
          lemuel_flame_loot_1
D:2:      layout_rooms
D:3:      minmay_inner_zag, layout_loops_ring, xom_confusion_cloud,
          nzn_hepliaklqana_mist_gate, jmf_multi_god_temple,
          uniq_crazy_yiuf_cottage
D:4:      layout_loops_ring, general_overflow_altar,
          nemelex_diamond_rough_becter, nrook_campfire, uniq_pikel
D:5:      layout_cave_pools, mainiacjoe_overflow_six_doors_small,
          mainiacjoe_overflow_concentric_impassable,
          minmay_temple_entry_overgrown, serial_park, serial_park_tiny_pond,
          serial_park_gazebo [serial_park_minivault_5x5_2], enter_ossuary_5
D:6:      layout_basic, zin_statuary, st_stairs_3
D:7:      layout_layer_cave, lemuel_round_altar, kb_rosetta, uniq_joseph
D:8:      layout_basic
D:9:      layout_basic, nicolae_qazlal_style_of_elements
D:10:     layout_small_grid, mainiacjoe_overflow_alcove_4,
          nicolae_overflow_hidden_temple, due_lair_maze_entry_diamond,
          ebering_dispersal_statue_hall, hangedman_minor_magic, uniq_maurice
Temple:   hellmonk_temple_forest_ring
Lair:1:   dreamdust_isle_of_ice, layout_chaotic_city, amcnicky_mini_pool_medium

Skill      XL: |  1  2  3  4  5  6  7  8  9 10 11 |
---------------+----------------------------------+-----
Spellcasting   | 3 4 5 6 7 8 |  8.1
Summonings     | 5 6 7 8 9 |  9.4
Fire Magic     | 1 4 5 |  5.0
Dodging        | 4 6 7 8 |  8.8
Stealth        | 4 6 8 9 |  9.5
Fighting       | 2 4 5 6 |  6.1
Air Magic      | 2 3 4 5 |  5.0

Action                     |  1- 3 |  4- 6 |  7- 9 | 10-12 || total
---------------------------+-------+-------+-------+-------++-------
  Melee: Unarmed           |    28 |    27 |    24 |    10 ||    89
         Bite              |     3 |     5 |     1 |     2 ||    11
         Punch             |     1 |       |       |       ||     1
   Cast: Summon Small Mamm |    41 |    10 |       |       ||    51
         Call Imp          |    22 |    19 |    35 |    17 ||    93
         Call Canine Famil |     9 |    17 |    36 |    20 ||    82
         Summon Blazeheart |       |       |    39 |    26 ||    65
         Summon Lightning  |       |       |    22 |    31 ||    53
  Evoke: Wand              |       |       |       |    10 ||    10
    Use: Scroll            |     1 |     6 |     7 |     2 ||    16
         Potion            |       |     3 |     2 |     1 ||     6
   Stab: Sleeping          |       |     1 |       |       ||     1
         Distracted        |       |       |     1 |     1 ||     2
 Armour: Skin              |    19 |    27 |    50 |    37 ||   133
  Dodge: Dodged            |    48 |    52 |    77 |    78 ||   255

Table legend: (Time is in decaauts)
 A = Elapsed time spent in this place.
 B = Non-inter-level travel time spent in this place.
 C = Inter-level travel time spent in this place.
 D = Time resting spent in this place.
 E = Time spent auto-exploring this place.
 F = Levels seen in this place.
 G = Mean time per level.
                   A        B        C        D        E       F      G
               +--------+--------+--------+--------+--------+-----+--------+
         Total |  17934 |  17889 |     45 |   7651 |   4232 |  12 | 1494.5 |
       Dungeon |  17512 |  17476 |     36 |   7632 |   4218 |  10 | 1751.2 |
        Temple |     57 |     48 |      9 |      0 |      0 |   1 |   57.0 |
          Lair |    363 |    363 |      0 |     19 |     14 |   1 |  363.0 |
               +--------+--------+--------+--------+--------+-----+--------+

Top non-repeatable levels by time:
     D:7: 2693 daAuts
     D:1: 2439 daAuts
     D:3: 1971 daAuts
     D:9: 1942 daAuts
     D:8: 1771 daAuts
    D:10: 1561 daAuts
     D:6: 1416 daAuts
     D:4: 1311 daAuts
     D:5: 1268 daAuts
     D:2: 1135 daAuts
  Lair:1: 363 daAuts
  Temple: 57 daAuts
